Map: Darkness Sanctuary LE

Players

Nerchio

  • Race: Zerg Zerg
  • Spawn Location: 7:00

HellraiseR - Winner!

  • Race: Protoss Protoss
  • Spawn Location: 11:00

Event: WCS Valencia 2018

VOD

Have the link to the VOD?

Description

Time

  • Played on: July 12, 2018, 9:18 a.m.
  • Length: 7:10

All games in this series

Show
View Real Time Build Order
Export as new Build Order

Nerchio Zerg 

Build Orders: Hatch First 

Get SALT Encoding   

  12  0:00  Drone  
  13  0:13  Overlord  
  13  0:17  Drone  
  14  0:31  Drone x2  
  16  0:49  Hatchery  
  15  0:52  Drone  
  15  0:56  Drone  
  17  0:59  Drone  
  18  1:08  Extractor  
  17  1:15  Spawning Pool  
  16  1:19  Drone  
  16  1:22  Drone  
  18  1:28  Drone  
  19  1:40  Overlord  
  19  1:50  Drone  
  20  2:02  Queen x2  
  20  2:03  Zergling x2  
  20  2:05  Zergling x2  
  26  2:10  Metabolic Boost  
  26  2:15  Drone  
  27  2:18  Drone  
  27  2:22  Drone x2  
  30  2:42  Hatchery, Drone  
  31  2:44  Drone  
  31  2:47  Drone  
  31  2:49  Drone  
  33  2:53  Overlord  
  33  3:00  Queen  
  35  3:09  Overlord  
  35  3:13  Drone x4  
  35  3:16  Drone  
  35  3:17  Drone  
  41  3:20  Drone  
  41  3:21  Drone  
  41  3:25  Overlord  
  43  3:29  Drone  
  44  3:38  Roach Warren  
  44  3:39  Drone  
  44  3:41  Lair  
  44  3:44  Drone x2  
  44  3:45  Drone  
  44  3:47  Drone  
  48  3:50  Drone, Extractor  
  48  3:51  Extractor  
  48  3:52  Drone  
  48  3:54  Zergling x2  
  50  3:55  Zergling x2  
  50  4:00  Zergling x2  
  51  4:07  Overlord x2  
  52  4:10  Drone x3  
  52  4:12  Drone  
  52  4:16  Drone x2  
  57  4:19  Overlord  
  57  4:21  Overlord  
  57  4:26  Roach  
  57  4:29  Roach x2  
  63  4:38  Glial Reconstitution  
  63  4:39  Roach  
  63  4:40  Roach x2  
  63  4:42  Roach  
  63  4:44  Roach  
  73  4:48  Roach  
  73  4:50  Roach  
  76  4:53  Evolution Chamber  
  76  4:55  Roach  
  76  4:57  Roach  
  76  4:59  Zergling x6  
  81  5:01  Roach  
  81  5:05  Roach  
  83  5:07  Roach  
  83  5:08  Zergling x4  
  83  5:11  Overlord  
  87  5:19  Extractor  
  86  5:21  Overlord x2  
  86  5:22  Overseer  
  86  5:26  Roach x2  
  90  5:33  Drone  
  90  5:34  Drone x6  
  96  5:36  Drone  
  96  5:44  Queen  
  96  5:46  Roach x3  
  96  5:48  Ravager  
  104  5:50  Ravager  
  104  5:52  Roach  
  104  5:53  Overlord  
  104  5:56  Roach  
  109  5:57  Roach  
  109  6:00  Roach  
  109  6:04  Overlord  
  113  6:06  Overlord  
  113  6:10  Ravager, Overlord  
  114  6:14  Roach x2  
  114  6:15  Roach  
  119  6:20  Roach x2  
  119  6:24  Roach x2  
  112  6:27  Roach  
  112  6:28  Zergling x2  
  112  6:29  Zergling x2  
  112  6:30  Roach  
  116  6:34  Roach x2  
  116  6:39  Roach  
  100  6:41  Roach  
  100  6:46  Zergling x2, Roach  
  82  6:47  Zergling x8  
  82  6:50  Roach  
Show
View Real Time Build Order
Export as new Build Order

HellraiseR Protoss - Winner!

Build Orders: 1 Gate Expand 

Get SALT Encoding   

  12  0:00  Probe  
  13  0:12  Probe  
  14  0:18  Pylon  
  14  0:24  Probe  
  15  0:32  Probe  
  15  0:38  Gateway  
  15  0:41  Probe  
  16  0:48  Assimilator  
  17  0:51  Probe  
  18  1:03  Probe  
  19  1:22  Nexus  
  19  1:26  Probe  
  20  1:35  Cybernetics Core  
  20  1:38  Probe  
  21  1:44  Assimilator  
  21  1:50  Probe  
  21  1:53  Pylon  
  22  2:01  Probe  
  22  2:03  Adept  
  23  2:09  Probe  
  23  2:13  Warp Gate  
  26  2:17  Probe  
  27  2:24  Twilight Council  
  27  2:28  Probe  
  28  2:30  Probe  
  29  2:37  Stalker  
  29  2:39  Probe  
  29  2:40  Probe  
  33  2:50  Probe  
  33  2:53  Probe  
  35  3:03  Probe  
  35  3:04  Robotics Facility  
  36  3:06  Probe  
  37  3:13  Gateway  
  37  3:15  Probe  
  37  3:18  Probe  
  39  3:20  Charge  
  39  3:27  Probe  
  39  3:28  Pylon  
  39  3:33  Gateway  
  40  3:37  Gateway  
  40  3:44  Warp Prism  
  40  3:45  Gateway  
  40  3:49  Gateway  
  42  3:59  Pylon  
  42  4:02  Pylon  
  42  4:09  Pylon  
  42  4:11  Immortal  
  42  4:16  Zealot  
  42  4:17  Zealot  
  50  4:34  Gateway x2  
  50  4:44  Zealot x4  
  58  4:45  Immortal  
  58  4:48  Zealot  
  58  4:52  Sentry  
  66  5:07  Sentry x2  
  66  5:08  Zealot x2  
  74  5:16  Pylon x2  
  74  5:18  Zealot  
  74  5:20  Zealot  
  78  5:35  Zealot x4  
  80  5:41  Zealot, Sentry  
  88  5:43  Zealot  
  88  5:45  Zealot  
  92  5:51  Pylon  
  92  5:53  Pylon  
  92  6:06  Sentry  
  92  6:09  Stalker  
  96  6:11  Zealot x3  
  96  6:12  Zealot  
  96  6:26  Zealot  
  96  6:27  Zealot  
  80  6:40  Zealot x6  
  86  6:53  Zealot x2  
  86  7:06  Zealot x6  
Tags
 
Add a new tag
Caveats
  • Supply blocks, unpowered buildings, or Contaminate may cause inaccurate times.
  • Supply counts are checked every 10 seconds.